 Dungeon Crawl Stone Soup version 0.18-a0-946-g3ac5b32 (webtiles) character file.

11047 Arkorax the Fighter (level 11, -4/74 HPs)
             Began as a Tengu Gladiator on Dec 29, 2015.
             Was a Priest of Yredelemnul.
             Succumbed to a black mamba's poison
             ... on level 2 of the Lair of Beasts.
             The game lasted 00:23:29 (14027 turns).

Arkorax the Fighter (Tengu Gladiator)              Turns: 14027, Time: 00:23:29

Health: -4/74      AC: 16    Str: 18    XL:     11   Next: 71%
Magic:  6/12       EV:  7    Int:  9    God:    Yredelemnul [***...]
Gold:   615        SH: 12    Dex: 15    Spells: 0 memorised, 10 levels left

rFire  + . .     SeeInvis +     u - +2 flail (protect)
rCold  . . .     Gourm    .     P - +0 chain mail
rNeg   . . .     Faith    .     H - +0 shield
rPois  .         Spirit   +     a - +2 hat {Spirit}
rElec  .         Dismiss  .     C - +0 cloak
rCorr  .         Reflect  .     (no gloves)
SustAt .         Harm     .     (boots unavailable)
MR     .....                    (no amulet)
Stlth  ..........               G - ring of see invisible
                                e - ring of protection from fire

@: lethally poisoned (-4 -> -75), not resistant to hostile enchantments,
extremely unstealthy
A: beak, talons 3, able to fly 1
a: Fly, Recall Undead Slaves, Injury Mirror, Animate Dead, Renounce Religion


You were on level 2 of the Lair of Beasts.
You worshipped Yredelemnul.
Yredelemnul was most pleased with you.
You were not hungry.

You visited 3 branches of the dungeon, and saw 13 of its levels.

You collected 615 gold pieces.

Inventory:

Hand Weapons
 t - a +0 morningstar
 u - a +2 flail of protection (weapon)
Missiles
 d - 5 throwing nets (quivered)
Armour
 a - a +2 hat of spirit shield (worn)
 A - a +0 plate armour
 C - a +0 cloak (worn)
 F - the +1 leather armour of the Tick {Int+3}
   (You found it on level 4 of the Dungeon)

   It affects your intelligence (+3).
 H - a +0 shield (worn)
 P - a +0 chain mail (worn)
Jewellery
 e - a ring of protection from fire (left hand)
 h - an uncursed ring of protection from cold
 x - an uncursed amulet of dismissal
 y - an uncursed ring of ice
 G - a ring of see invisible (right hand)
 O - an uncursed ring of protection from magic {unknown}
Wands
 k - a wand of cold (7/15)
 l - a wand of magic darts (23/48)
 K - a wand of frost (19/48)
 L - a wand of disintegration (7/24)
Scrolls
 g - 4 scrolls of identify
 i - 3 scrolls of amnesia
 j - a scroll of enchant armour
 m - 5 scrolls of remove curse
 q - a scroll of recharging
 s - 2 scrolls of blinking
 w - 2 scrolls of enchant weapon
 J - a scroll of magic mapping
 Q - 2 scrolls of fear
Potions
 o - a potion of flight
 r - 3 potions of degeneration
 D - a potion of resistance
 I - a potion of magic
Books
 B - a book of Frost

   Spells                             Type                      Level
   a - Freeze                         Ice                          1
   b - Throw Frost                    Conjuration/Ice              2
   c - Ozocubu's Armour               Charms/Ice                   3
   d - Throw Icicle                   Conjuration/Ice              4
   e - Summon Ice Beast               Ice/Summoning                4
   f - Condensation Shield            Ice                          4
Comestibles
 b - 3 meat rations
 f - 5 bread rations
 n - 3 fruits
 p - 4 beef jerkies
 M - a royal jelly


   Skills:
 + Level 11.1 Fighting
 - Level 8.3(9.9) Maces & Flails
   Level 8.4(9.9) Staves
 - Level 2.0 Throwing
 - Level 3.2 Dodging
 * Level 10.2 Shields


You had 10 spell levels left.
You didn't know any spells.

Dungeon Overview and Level Annotations

Branches:
Dungeon (10/15)            Temple (1/1) D:4            Lair (2/8) D:8
    Orc: D:9-12

Altars:
Ashenzari
Cheibriados
Dithmenos
Elyvilon
Fedhas
Gozag
Kikubaaqudgha
Makhleb
Nemelex Xobeh
Okawaru
Pakellas
Qazlal
Ru
Sif Muna
Trog
Vehumet
Xom
Yredelemnul
Zin
The Shining One

Annotations:
D:10 P0WERM0DE's ghost, journeyman NaCK


Innate Abilities, Weirdness & Mutations

You have a beak for a mouth.
You have claws for feet.
You can fly.


Message History

Something gores your river rat zombie!
Your river rat zombie is destroyed!
You block the black mamba's attack.
Your giant frog zombie hits something.
Okay, then.
You hit the black mamba.
You peck the black mamba, but do no damage.
The black mamba is severely wounded.
* * * LOW HITPOINT WARNING * * *
You feel very sick. The black mamba bites you.
* * * LOW HITPOINT WARNING * * *
You are more poisoned.
The black mamba poisons you! Something gores your giant frog zombie!
Your giant frog zombie is destroyed!
Your chain mail prevents you from hitting the black mamba.
You claw the black mamba, but do no damage.
Your peck misses the black mamba.
The black mamba is severely wounded.
You die...
Your body rises from the dead as a mindless zombie.

...... .... ....# ....
## #...##..... #..
#....#.....
.#....#..........
#.......Y........ # ..#
#.. #.......... ##..
#..#####S.#..... .#..
#.###....P.@.##..... ).#
##...................
#(#.......#.##..........
.........#≈≈≈#..........
.........≈≈≈≈#..........
##.....#.≈≈≈≈P..........
###......PP≈............
.##....#................
......§§####.P..........


You could see a black mamba.

Vanquished Creatures
  The ghost of Herrn the Digger, a novice FoEE of Okawaru (D:6)
  An unseen horror (D:10)
  A black mamba (Lair:1)
  A spiny frog (Lair:2)
  A wyvern (D:9)
  A spriggan (D:8)
  2 hungry ghosts
  2 hippogriffs
  7 yaks
  A mottled dragon (D:9)
  A steam dragon (D:8)
  8 wolves (Lair:1)
  Duvessa (D:5)
  A water moccasin (D:7)
  An orc warrior (D:6)
  A porcupine (Lair:1)
  6 ice beasts
  A phantom (D:8)
  An eye of draining (D:9)
  4 ogres
  3 crocodiles
  3 centaurs
  A black bear (D:6)
  2 sky beasts
  5 giant frogs
  Dowan (D:5)
  A scorpion (D:8)
  12 killer bees
  9 wights
  3 crimson imps
  2 jellies
  3 orc wizards
  3 hounds
  4 iguanas
  A gnoll shaman (D:8)
  2 orc priests
  6 worker ants
  A hound skeleton (D:4)
  16 gnolls
  9 adders
  A worker ant zombie (D:6)
  2 shadow imps
  14 river rats
  An adder zombie (D:5)
  2 worms
  10 giant geckos
  29 orcs
  4 ball pythons
  6 bats
  4 giant cockroaches
  5 hobgoblins
  13 jackals
  4 quokkas
  A giant cockroach zombie (D:5)
  6 giant newts
  12 goblins
  2 jackal skeletons (D:4)
  A jackal zombie (D:5)
  7 kobolds
  A quokka skeleton (D:4)
  15 rats
270 creatures vanquished.

Vanquished Creatures (collateral kills)
  Gastronok (Lair:1)
  A hydra (Lair:1)
  A spiny frog (Lair:1)
  A komodo dragon (D:8)
  A yak (Lair:2)
  A water moccasin (Lair:1)
  A porcupine (Lair:1)
  A sky beast (D:9)
  An eye of draining (D:8)
  A crocodile (D:8)
  A giant frog (Lair:1)
  A water moccasin skeleton (D:8)
  A wight (D:8)
  An orc wizard (D:7)
  A worker ant (D:8)
  3 iguanas
  An orc priest (D:7)
  A hound skeleton (D:9)
  2 adders (D:7)
  4 river rats (Lair:1)
  A giant gecko (D:8)
  2 orcs
29 creatures vanquished.

Vanquished Creatures (others)
  A water moccasin zombie (Lair:1)
  2 yak zombies (Lair:1)
  A hippogriff zombie (Lair:2)
  3 wolf zombies (Lair:1)
  2 giant frog zombies
  2 killer bee zombies (D:8)
  A worker ant zombie (D:10)
  A steam dragon skeleton (D:8)
  2 iguana zombies (Lair:1)
  An adder zombie (D:10)
  A gnoll zombie (D:7)
  5 river rat zombies (Lair:2)
  An orc zombie (D:7)
  2 river rat skeletons (Lair:1)
  A fungus (Lair:2)
26 creatures vanquished.

Grand Total: 325 creatures vanquished

Notes
Turn   | Place    | Note
--------------------------------------------------------------
     0 | D:1      | Arkorax the Tengu Gladiator began the quest for the Orb.
     0 | D:1      | Reached XP level 1. HP: 12/12 MP: 2/2
   142 | D:1      | Reached XP level 2. HP: 15/18 MP: 3/3
   477 | D:1      | Reached XP level 3. HP: 22/22 MP: 4/4
   643 | D:2      | Reached skill level 4 in Staves
   789 | D:2      | Reached XP level 4. HP: 20/28 MP: 5/5
   974 | D:2      | Found an iron altar of Okawaru.
  1270 | D:3      | Noticed an ice beast
  1296 | D:3      | Killed an ice beast
  1296 | D:3      | Reached skill level 5 in Staves
  1296 | D:3      | Gained mutation: You can fly. [Tengu growth]
  1296 | D:3      | Reached XP level 5. HP: 9/33 MP: 6/6
  1737 | D:3      | Noticed an ice beast
  1746 | D:3      | Killed an ice beast
  1746 | D:3      | Reached XP level 6. HP: 40/40 MP: 7/7
  2068 | D:4      | Found a white marble altar of Elyvilon.
  2077 | D:4      | Reached skill level 5 in Fighting
  2099 | D:4      | Reached skill level 6 in Staves
  2441 | D:4      | Found a staircase to the Ecumenical Temple.
  2476 | Temple   | Entered the Ecumenical Temple
  2676 | Temple   | Became a worshipper of Yredelemnul the Dark
  2783 | D:4      | Reached XP level 7. HP: 35/44 MP: 8/8
  3063 | D:4      | Got a slimy leather armour
  3074 | D:4      | Identified the cursed +1 leather armour of the Tick {Int+3} (You found it on level 4 of the Dungeon)
  3231 | D:4      | You fall through a shaft!
  3231 | D:5      | Entered Level 5 of the Dungeon
  3301 | D:5      | Noticed Duvessa
  3303 | D:5      | Noticed Dowan
  3341 | D:5      | Killed Duvessa
  3350 | D:5      | Killed Dowan
  3350 | D:5      | Reached skill level 7 in Staves
  3573 | D:5      | Found a sparkling altar of Nemelex Xobeh.
  3573 | D:5      | Found a bloodstained altar of Trog.
  3576 | D:5      | Found an oddly glowing altar of Pakellas.
  3577 | D:5      | Found a snail-covered altar of Cheibriados.
  3577 | D:5      | Found a white marble altar of Elyvilon.
  3577 | D:5      | Found a deep blue altar of Sif Muna.
  3828 | D:5      | HP: 1/47 [something (5)]
  3829 | D:5      | Reached XP level 8. HP: 1/52 MP: 9/9
  3833 | D:5      | Gained mutation: You are somewhat resistant to further mutation. [mutagenic meat]
  3834 | D:5      | Gained mutation: You are dopey. (Int -2) [mutagenic meat]
  3836 | D:5      | Gained mutation: Your system is resistant to poisons. [mutagenic meat]
  4396 | D:6      | Reached skill level 8 in Staves
  4579 | D:6      | Reached skill level 1 in Maces & Flails
  4845 | D:6      | Noticed Herrn's ghost (novice FoEE)
  5467 | D:6      | Killed Herrn's ghost
  5467 | D:6      | Reached XP level 9. HP: 10/60 MP: 10/10
  6166 | D:4      | Reached skill level 5 in Maces & Flails
  6926 | D:7      | Reached skill level 1 in Shields
  6936 | D:7      | Reached * piety under Yredelemnul
  7186 | D:7      | Reached skill level 9 in Fighting
  8223 | D:8      | Reached ** piety under Yredelemnul
  8503 | D:8      | Reached XP level 10. HP: 66/66 MP: 1/11
  8937 | D:8      | Found a staircase to the Lair.
  9219 | D:8      | Reached skill level 5 in Shields
  9503 | D:9      | Found a shattered altar of Ashenzari.
 10455 | D:9      | Reached skill level 10 in Fighting
 10809 | D:10     | Entered Level 10 of the Dungeon
 10925 | D:10     | Noticed an unseen horror
 10962 | D:10     | Killed an unseen horror
 11391 | D:10     | Noticed P0WERM0DE's ghost (journeyman NaCK)
 11416 | D:10     | Lost mutation: You are dopey. (Int -2) [potion of cure mutation]
 11416 | D:10     | Lost mutation: Your system is resistant to poisons. [potion of cure mutation]
 11416 | D:10     | Lost mutation: You are somewhat resistant to further mutation. [potion of cure mutation]
 11443 | D:10     | Reached XP level 11. HP: 48/72 MP: 12/12
 11874 | Lair:1   | Entered Level 1 of the Lair of Beasts
 12871 | Lair:1   | Reached *** piety under Yredelemnul
 13138 | Lair:2   | Noticed Gastronok
 13730 | Lair:1   | Killed Gastronok
 13862 | Lair:2   | Reached skill level 11 in Fighting
 13867 | Lair:2   | Noticed a five-headed hydra
 13890 | Lair:1   | Killed a five-headed hydra
 13988 | Lair:2   | Reached skill level 10 in Shields
 14026 | Lair:2   | HP: 2/74 [poisoned by a black mamba]
 14027 | Lair:2   | Succumbed to a black mamba's poison

Vault maps used:
D:1:      onia_arrival_larder, minmay_misc_feat_iff
D:2:      lemuel_crystal_altar, minmay_misc_feat_rows,
          hangedman_decor_clover_reticule, grunt_ministairs_13
D:4:      minmay_temple_entry_mist, first_bread, elyvilon_altar_5
D:5:      grunt_temple_overflow_open, uniq_duvessa
D:6:      lemuel_upstairs_altar
D:7:      enter_bailey_3, serial_glass, glass_columns_b, glass_columns_c,
          glass_columns_a, glass_columns_b
D:8:      erik_lair_dragon, the_bakery
D:9:      ashenzari_conservatory_becter
Temple:   chambers_temple_12
Lair:2:   grunt_megastairs_2, uniq_gastronok

Action                   |  1- 3 |  4- 6 |  7- 9 | 10-12 || total
-------------------------+-------+-------+-------+-------++-------
Melee: Quarterstaff      |    86 |   122 |   149 |       ||   357
       Morningstar       |       |       |   228 |   414 ||   642
       Flail             |       |       |       |    89 ||    89
Throw: Throwing net      |       |       |       |     1 ||     1
Invok: Animate Remains   |       |       |     5 |    16 ||    21
       Animate Dead      |       |       |       |     6 ||     6
       Recall Undead Sla |       |       |       |     3 ||     3
Evoke: Wand              |       |       |     1 |       ||     1
  Use: Potion            |       |     5 |     5 |    11 ||    21
       Scroll            |       |       |    12 |     3 ||    15
 Stab: Sleeping          |       |       |     1 |       ||     1
       Distracted        |       |       |       |     3 ||     3
  Eat: Meat ration       |       |     2 |     2 |       ||     4
       Chunk             |       |       |    11 |     1 ||    12
       Bread ration      |       |       |     1 |     5 ||     6
